 Dungeon Crawl Stone Soup version 0.29.1-1-gd02db6906a (webtiles) character file.

Game seed: 10751941649707323917

1 dave1331 the Grave Robber (level 1, -1/14 HPs)
             Began as a Ghoul Necromancer on Oct 4, 2022.
             Slain by a kobold
             ... wielding a +0 whip
              (3 damage)
             ... on level 1 of the Dungeon.
             The game lasted 00:00:59 (59 turns).

dave1331 the Grave Robber (Ghoul Necromancer)         Turns: 59, Time: 00:00:59

Health: -1/14      AC:  3    Str: 11    XL:     1   Next: 20%
Magic:  2/2        EV: 11    Int: 10    God:
Gold:   2          SH:  0    Dex:  9    Spells: 2/3 levels left

rFire   + . .      SeeInvis .   (no weapon)
rCold   + . .      Faith    .   (no shield)
rNeg    + + +      Spirit   .   d - +0 leather armour {rF+}
rPois   ∞          Reflect  .   (no helmet)
rElec   .          Harm     .   (no cloak)
rCorr   .          Rampage  .   (no gloves)
Will    .....                   (no boots)
Stlth   +.........              (no amulet)
HPRegen 0.00/turn               (no ring)
MPRegen 0.08/turn               (no ring)

@: inhibited regen
A: claws 1, cold resistance 1, negative energy resistance 3, inhibited
regeneration, torment resistance 2, devour on kill
a: no special abilities


You were on level 1 of the Dungeon.
You visited 1 branch of the dungeon, and saw 1 of its levels.

You collected 2 gold pieces.

Inventory:

Armour
 a - a +0 robe
 d - a +0 leather armour of fire resistance (worn)
Scrolls
 c - a scroll of magic mapping {unknown}
Potions
 b - a potion of magic


   Skills:
 + Level 1.7 Dodging
 + Level 2.1 Stealth
 + Level 1.7 Spellcasting
 + Level 4.0 Necromancy


You had 2 spell levels left.
You knew the following spells:

 Your Spells              Type           Power      Damage    Failure   Level
a - Necrotise             Necr           36%        1d5       8%          1

Your spell library contained the following spells:

 Spells                   Type           Power      Damage    Failure   Level
 Vampiric Draining        Necr           9%         2d6       24%         3
 Animate Dead             Necr           9%         N/A       61%         4
 Agony                    Necr           9%         N/A       91%         5


Dungeon Overview and Level Annotations

Branches:
Dungeon (1/15)

Altars:


Innate Abilities, Weirdness & Mutations

You are immune to poison.
You have sharp fingernails.
Your flesh is cold resistant. (rC+)
You are immune to negative energy. (rN+++)
You do not regenerate when monsters are visible.
You are immune to unholy pain and torment.
You thrive by killing the living.


Message History

You scratch the bat.
The bat is heavily wounded.
The bat closely misses you. The bat hits you but does no damage.
The bat closely misses you.
You scratch the bat.
You kill the bat!
No target in view!
c - a scroll labelled LUANWO YSELUWEY You see here a +0 leather armour of fire resistance.
A kobold comes into view. It is wielding a +0 whip.
A kobold is nearby!
You see here a +0 leather armour of fire resistance.
d - a +0 leather armour of fire resistance You start removing your armour.
You continue taking off your +0 robe. x4
You finish taking off your +0 robe.
You start putting on your armour.
You continue putting on your +0 leather armour of fire resistance. x5
You finish putting on your +0 leather armour of fire resistance.
You feel resistant to fire.
The kobold shouts!
The kobold hits you with a +0 whip. The kobold hits you but does no damage.
You barely miss the kobold. The kobold hits you with a +0 whip.
You scratch the kobold but do no damage.
The kobold hits you with a +0 whip.
You barely miss the kobold.
A bat comes into view.
The kobold hits you but does no damage.
You scratch the kobold.
The kobold is heavily wounded.
The kobold hits you with a +0 whip.
You scratch the kobold but do no damage.
The kobold is heavily wounded.
The bat closely misses you. The kobold hits you with a +0 whip.
* * * LOW HITPOINT WARNING * * *
You closely miss the kobold.
The kobold is heavily wounded.
The bat hits you but does no damage. The kobold hits you with a +0 whip.
You die...

..>....8.#### ...#.....#
...##.######### #.
...#..........#######..#
...#..........#.....#.##
..............#.........
..##..........#...b.....
. #..........#.........
#..........#.@K......
#..........#.........
#..........#.###.####
####.#.......# #
#.######### #.# #.# #.


You could see a bat and a kobold.

Vanquished Creatures
  A bat (D:1)
1 creature vanquished.

Notes
Turn   | Place    | Note
-------+----------+-------------------------------------------
     0 | D:1      | dave1331 the Ghoul Necromancer began the quest for the Orb.
     0 | D:1      | Reached XP level 1. HP: 14/14 MP: 2/2
    59 | D:1      | Slain by a kobold

Illustrated notes

Levels and vault maps discovered:
D:1:      grunt_arrival_lava_bath, layout_basic, shapermc_ecumenical_altar_venn

Action                   || total
-------------------------++-------
Melee: Unarmed           ||     8
Armor: Leather armour    ||     3
       Robe              ||     2
Dodge: Dodged            ||     3
